| TOP OF THE 1ST |
|
Memphis Redbirds batting - Pitching for New Orleans Zephyrs : RHP Jose Velez
|
|
Pitching: RHP Jose Velez
|
|
|
Batting: SHB Luke Robbins
|
0-0: Foul Ball, location: 2F 0-1: Ball 1-1: Ball 2-1: SINGLE (Groundball, 5, EV 87.5 MPH) (infield hit)
|
|
Batting: RHB Nick Gentzel
|
0-0: Ball 1-0: Called Strike 1-1: Ball 2-1: Ball 3-1: SINGLE (Flyball, 78S, EV 90.0 MPH) Luke Robbins to second
|
|
Batting: RHB Eric Chotkowski
|
0-0: Fly out, F6 (Popup, 6, EV 59.4 MPH)
|
|
Batting: LHB Melvin Salgado
|
0-0: TRIPLE (Line Drive, 7LD, EV 109.4 MPH) Luke Robbins scores Nick Gentzel scores
|
|
Batting: SHB Quido van Erp
|
0-0: Ground out 1-3 (Groundball, 15S, EV 64.4 MPH)
|
|
Batting: LHB Jesus Ramirez
|
0-0: Ground out 4-3 (Groundball, 4, EV 110.0 MPH)
|
| Top of the 1st over - 2 runs, 3 hits, 0 errors, 1 left on base; Memphis 2 - New Orleans 0 |
| BOTTOM OF THE 1ST |
|
New Orleans Zephyrs batting - Pitching for Memphis Redbirds : LHP Justin Harris
|
|
Pitching: LHP Justin Harris
|
|
|
Batting: RHB Jerry Delgado
|
0-0: Ball 1-0: Ball 2-0: Ball 3-0: Called Strike 3-1: Called Strike 3-2: SINGLE (Groundball, 34D, EV 94.4 MPH)
|
|
Batting: RHB Omar Contreras
|
0-0: Called Strike 0-1: Ball 1-1: Ball 2-1: Foul Ball, location: 2F 2-2: SINGLE (Groundball, 6D, EV 100.0 MPH) Jerry Delgado to second
|
|
Batting: RHB Alex Gomez
|
0-0: Fly out, F3 (Popup, 3S, EV 85.6 MPH)
|
|
Batting: RHB Gebre-Giorgios Tikolo
|
0-0: Ball 1-0: SINGLE (Groundball, 56D, EV 105.0 MPH) Jerry Delgado to third Omar Contreras to second Runner from 3rd tries for Home, SAFE, throw by LF to home
|
|
Batting: RHB Jesus Castillo
|
0-0: Foul Ball, location: 2F 0-1: SINGLE (Line Drive, 7LS, EV 105.6 MPH) Omar Contreras to third Gebre-Giorgios Tikolo to second
|
|
Batting: RHB Humberto Oros
|
0-0: Called Strike 0-1: Ground out 5-3 (Groundball, 56S, EV 66.3 MPH) Omar Contreras scores Gebre-Giorgios Tikolo to third Jesus Castillo to second
|
|
Batting: RHB Kyle Ashton
|
0-0: Foul Ball, location: 2F 0-1: Ball 1-1: Foul Ball, location: 2F 1-2: Ball 2-2: Foul Ball, location: 2F 2-2: Foul Ball, location: 2F 2-2: Foul Ball, location: 2F 2-2: Foul Ball, location: 2F 2-2: Strikes out swinging
|
| Bottom of the 1st over - 2 runs, 4 hits, 0 errors, 2 left on base; Memphis 2 - New Orleans 2 |
| TOP OF THE 2ND |
|
Memphis Redbirds batting - Pitching for New Orleans Zephyrs : RHP Jose Velez
|
|
Batting: RHB David Fernandez
|
0-0: Ball 1-0: Ball 2-0: Called Strike 2-1: Ball 3-1: Called Strike 3-2: Strikes out swinging
|
|
Batting: LHB Tim Olsen
|
0-0: Ball 1-0: DOUBLE (Line Drive, 9LS, EV 112.5 MPH)
|
|
Batting: RHB Colin Boddy
|
0-0: Ball 1-0: Called Strike 1-1: Foul Ball, location: 2F 1-2: Ball Wild Pitch! Tim Olsen to third 2-2: Ball 3-2: Base on Balls
|
|
Batting: SHB Luke Robbins
|
0-0: Called Strike 0-1: Ball 1-1: Ball 2-1: Ball 3-1: Foul Ball, location: 2F 3-2: Strikes out swinging
|
|
Batting: RHB Nick Gentzel
|
0-0: Foul Ball, location: 2F 0-1: Called Strike 0-2: Ball 1-2: Foul Ball, location: 2F 1-2: Ball 2-2: Ball 3-2: Base on Balls Colin Boddy to second
|
|
Batting: RHB Eric Chotkowski
|
0-0: Ball 1-0: Foul Ball, location: 2F 1-1: Swinging Strike 1-2: Ball Passed Ball! Tim Olsen scores Colin Boddy to third Nick Gentzel to second 2-2: Ball 3-2: Base on Balls
|
|
Batting: LHB Melvin Salgado
|
0-0: Ball Wild Pitch! Colin Boddy scores Nick Gentzel to third Eric Chotkowski to second 1-0: Ball 2-0: Swinging Strike 2-1: TRIPLE (Flyball, 78XD, EV 108.8 MPH) Nick Gentzel scores Eric Chotkowski scores
|
|
Pitching: RHP Al Mendoza
|
|
|
Batting: SHB Quido van Erp
|
0-0: Ball 1-0: Ball 2-0: Foul Ball, location: 2F 2-1: Ball 3-1: Swinging Strike 3-2: Base on Balls
|
|
Batting: LHB Jesus Ramirez
|
0-0: Ball 1-0: Ground out 2-3 (Groundball, 2R, EV 66.9 MPH)
|
| Top of the 2nd over - 4 runs, 2 hits, 0 errors, 2 left on base; Memphis 6 - New Orleans 2 |
| BOTTOM OF THE 2ND |
|
New Orleans Zephyrs batting - Pitching for Memphis Redbirds : LHP Justin Harris
|
|
Batting: SHB Ramon Martinez
|
0-0: Foul Ball, location: 2F 0-1: Ball 1-1: Called Strike 1-2: Foul Ball, location: 2F 1-2: Foul Ball, location: 2F 1-2: Ball 2-2: Ball 3-2: Base on Balls
|
|
Batting: RHB John Jackson
|
0-0: Ball Ramon Martinez steals 2nd base 1-0: Foul Ball, location: 2F 1-1: Ball 2-1: Ball 3-1: Fly out, F7 (Flyball, 78S, EV 86.9 MPH)
|
|
Batting: RHB Jerry Delgado
|
0-0: Ball 1-0: Ball 2-0: Called Strike 2-1: SINGLE (Groundball, 56, EV 102.5 MPH) Ramon Martinez to third Runner from 3rd tries for Home, SAFE, throw by LF to home
|
|
Batting: RHB Omar Contreras
|
0-0: Foul Ball, location: 2F 0-1: Called Strike 0-2: Ball 1-2: Ball 2-2: Ball 3-2: Strikes out swinging
|
|
Batting: RHB Alex Gomez
|
0-0: Ball 1-0: Foul Ball, location: 2F 1-1: Foul Ball, location: 2F 1-2: Ball 2-2: Foul Ball, location: 2F 2-2: SINGLE (Groundball, 56D, EV 102.5 MPH) Jerry Delgado to second Jerry Delgado to third
|
|
Batting: RHB Gebre-Giorgios Tikolo
|
0-0: Ball 1-0: Ball 2-0: Called Strike 2-1: Ball 3-1: Foul Ball, location: 2F 3-2: Foul Ball, location: 2F 3-2: Foul Ball, location: 2F 3-2: Base on Balls Alex Gomez to second
|
|
Batting: RHB Jesus Castillo
|
0-0: Called Strike 0-1: Called Strike 0-2: Ball 1-2: Ball 2-2: Foul Ball, location: 2F 2-2: Ball 3-2: Base on Balls Jerry Delgado scores Alex Gomez to third Gebre-Giorgios Tikolo to second
|
|
Batting: RHB Humberto Oros
|
0-0: Called Strike 0-1: Ground out U3 (Groundball, 3, EV 81.9 MPH)
|
| Bottom of the 2nd over - 2 runs, 2 hits, 0 errors, 3 left on base; Memphis 6 - New Orleans 4 |
| TOP OF THE 3RD |
|
Memphis Redbirds batting - Pitching for New Orleans Zephyrs : RHP Al Mendoza
|
|
Batting: RHB David Fernandez
|
0-0: Ground out 4-3 (Groundball, 6MS, EV 60.6 MPH)
|
|
Batting: LHB Tim Olsen
|
0-0: Ball 1-0: Ball 2-0: Ground out 4-3 (Groundball, 34, EV 100.6 MPH)
|
|
Batting: RHB Colin Boddy
|
0-0: Ball 1-0: Swinging Strike 1-1: Swinging Strike 1-2: Foul Ball, location: 2F 1-2: Strikes out swinging
|
| Top of the 3rd over - 0 runs, 0 hits, 0 errors, 0 left on base; Memphis 6 - New Orleans 4 |
| BOTTOM OF THE 3RD |
|
New Orleans Zephyrs batting - Pitching for Memphis Redbirds : LHP Justin Harris
|
|
Batting: RHB Kyle Ashton
|
0-0: Ball 1-0: Swinging Strike 1-1: Ground out 5-3 (Groundball, 56S, EV 69.4 MPH)
|
|
Batting: SHB Ramon Martinez
|
0-0: Called Strike 0-1: Ball 1-1: Hit by Pitch
|
|
Batting: RHB John Jackson
|
0-0: Foul Ball, location: 2F 0-1: Ball 1-1: TRIPLE (Groundball, 3L, EV 106.9 MPH) Ramon Martinez scores
|
|
Pitching: RHP Kenishi Tanaka
|
|
|
Batting: RHB Jerry Delgado
|
0-0: Called Strike 0-1: SINGLE (Groundball, 56S, EV 68.1 MPH) (infield hit) John Jackson scores
|
|
Batting: RHB Omar Contreras
|
0-0: Ball 1-0: Called Strike Jerry Delgado steals 2nd base 1-1: Ball 2-1: Ball 3-1: Ground out U3 (Groundball, 34, EV 103.1 MPH) Jerry Delgado to third
|
|
Batting: RHB Alex Gomez
|
0-0: Ball 1-0: Ground out 5-3 (Groundball, 56, EV 88.8 MPH)
|
| Bottom of the 3rd over - 2 runs, 2 hits, 0 errors, 1 left on base; Memphis 6 - New Orleans 6 |
| TOP OF THE 4TH |
|
Memphis Redbirds batting - Pitching for New Orleans Zephyrs : RHP Al Mendoza
|
|
Batting: SHB Luke Robbins
|
0-0: Called Strike 0-1: Foul Ball, location: 2F 0-2: Foul Ball, location: 2F 0-2: SINGLE (Groundball, 34D, EV 97.5 MPH)
|
|
Batting: RHB Nick Gentzel
|
0-0: Called Strike 0-1: Ball 1-1: Ball Luke Robbins is caught stealing 2nd base 2-4 2-1: Hit by Pitch
|
|
Batting: RHB Eric Chotkowski
|
0-0: Ball Nick Gentzel steals 2nd base 1-0: Swinging Strike 1-1: SINGLE (Groundball, 6MS, EV 84.4 MPH) (infield hit) Nick Gentzel to third
|
|
Batting: LHB Melvin Salgado
|
0-0: Ball 1-0: Foul Ball, location: 2F 1-1: Fly out, F9 (Flyball, 9LS, EV 81.3 MPH)
|
|
Batting: SHB Quido van Erp
|
0-0: Called Strike 0-1: Fly out, F8 (Flyball, 78S, EV 80.6 MPH)
|
| Top of the 4th over - 0 runs, 2 hits, 0 errors, 2 left on base; Memphis 6 - New Orleans 6 |
| BOTTOM OF THE 4TH |
|
New Orleans Zephyrs batting - Pitching for Memphis Redbirds : RHP Kenishi Tanaka
|
|
Batting: RHB Gebre-Giorgios Tikolo
|
0-0: Called Strike 0-1: Ground out 5-3 (Groundball, 5S, EV 69.4 MPH)
|
|
Batting: RHB Jesus Castillo
|
0-0: Called Strike 0-1: SINGLE (Groundball, 56D, EV 96.3 MPH)
|
|
Batting: RHB Humberto Oros
|
0-0: Called Strike 0-1: Ball 1-1: Ball 2-1: Swinging Strike 2-2: Strikes out swinging
|
|
Batting: RHB Kyle Ashton
|
0-0: Called Strike 0-1: DOUBLE (Line Drive, 89D, EV 101.9 MPH) Jesus Castillo to third Runner from 3rd tries for Home, SAFE, no throw by CF
|
|
Batting: SHB Ramon Martinez
|
0-0: Ball 1-0: Fly out, F9 (Flyball, 9D, EV 100.0 MPH)
|
| Bottom of the 4th over - 1 run, 2 hits, 0 errors, 1 left on base; Memphis 6 - New Orleans 7 |
| TOP OF THE 5TH |
|
Memphis Redbirds batting - Pitching for New Orleans Zephyrs : RHP Al Mendoza
|
|
Batting: LHB Jesus Ramirez
|
0-0: Ball 1-0: Foul Ball, location: 2F 1-1: Swinging Strike 1-2: Strikes out swinging
|
|
Batting: RHB David Fernandez
|
0-0: Ball 1-0: Swinging Strike 1-1: Ground out 6-3 (Groundball, 6, EV 98.1 MPH)
|
|
Batting: LHB Tim Olsen
|
0-0: Called Strike 0-1: Swinging Strike 0-2: SINGLE (Line Drive, 9S, EV 93.8 MPH)
|
|
Batting: RHB Colin Boddy
|
0-0: Ball Tim Olsen is caught stealing 2nd base 2-4
|
| Top of the 5th over - 0 runs, 1 hit, 0 errors, 0 left on base; Memphis 6 - New Orleans 7 |
| BOTTOM OF THE 5TH |
|
New Orleans Zephyrs batting - Pitching for Memphis Redbirds : RHP Kenishi Tanaka
|
|
Batting: RHB John Jackson
|
0-0: Called Strike 0-1: Ball 1-1: Ball 2-1: Called Strike 2-2: Ground out 5-3 (Groundball, 56, EV 101.9 MPH)
|
|
Batting: RHB Jerry Delgado
|
0-0: Called Strike 0-1: Ground out 6-3 (Groundball, 6M, EV 88.1 MPH)
|
|
Batting: RHB Omar Contreras
|
0-0: Ball 1-0: SOLO HOME RUN (Flyball, 9D, EV 92.5 MPH), Distance : 363 ft
|
|
Batting: RHB Alex Gomez
|
0-0: Ball 1-0: Ground out 1-3 (Groundball, 34S, EV 66.3 MPH)
|
| Bottom of the 5th over - 1 run, 1 hit, 0 errors, 0 left on base; Memphis 6 - New Orleans 8 |
| TOP OF THE 6TH |
|
Memphis Redbirds batting - Pitching for New Orleans Zephyrs : RHP Al Mendoza
|
|
Batting: RHB Colin Boddy
|
0-0: Ball 1-0: Swinging Strike 1-1: Swinging Strike 1-2: Ground out 4-3 (Groundball, 4MS, EV 85.6 MPH)
|
|
Batting: SHB Luke Robbins
|
0-0: Swinging Strike 0-1: Ball 1-1: SINGLE (Groundball, 34D, EV 111.3 MPH)
|
|
Pitching: RHP Mike Myers
|
|
|
Batting: RHB Nick Gentzel
|
0-0: Ball Luke Robbins steals 2nd base 1-0: Ground out 5-3 (Groundball, 56, EV 81.9 MPH)
|
|
Batting: RHB Eric Chotkowski
|
0-0: Swinging Strike 0-1: Swinging Strike 0-2: Strikes out swinging
|
| Top of the 6th over - 0 runs, 1 hit, 0 errors, 1 left on base; Memphis 6 - New Orleans 8 |
| BOTTOM OF THE 6TH |
|
New Orleans Zephyrs batting - Pitching for Memphis Redbirds : RHP Kenishi Tanaka
|
|
Batting: RHB Gebre-Giorgios Tikolo
|
0-0: Reached on error, E6 (Groundball, 6, EV 85.6 MPH)
|
|
Batting: RHB Jesus Castillo
|
0-0: DOUBLE (Groundball, 5L, EV 101.3 MPH) Gebre-Giorgios Tikolo to third
|
|
Batting: RHB Humberto Oros
|
0-0: Ball 1-0: Foul Ball, location: 2F 1-1: Called Strike 1-2: Ball 2-2: Ground out 4-3 (Groundball, 4D, EV 103.1 MPH) Gebre-Giorgios Tikolo scores Jesus Castillo to third
|
|
Pitching: RHP Alex Schmitz
|
|
|
Batting: RHB Kyle Ashton
|
0-0: Ball 1-0: Foul Ball, location: 2F 1-1: Called Strike 1-2: Strikes out looking
|
|
Batting: SHB Ramon Martinez
|
0-0: Foul Ball, location: 2F 0-1: Ground out U3 (Groundball, 3D, EV 87.5 MPH)
|
| Bottom of the 6th over - 1 run, 1 hit, 1 error, 1 left on base; Memphis 6 - New Orleans 9 |
| TOP OF THE 7TH |
|
Memphis Redbirds batting - Pitching for New Orleans Zephyrs : RHP Mike Myers
|
|
Batting: LHB Melvin Salgado
|
0-0: SINGLE (Groundball, 34D, EV 103.1 MPH)
|
|
Batting: SHB Quido van Erp
|
0-0: Ball 1-0: Called Strike 1-1: DOUBLE (Flyball, 8RXD, EV 102.5 MPH) Melvin Salgado to third
|
|
Pitching: LHP Yoriyuki Sugai
|
|
|
Batting: LHB Jesus Ramirez
|
0-0: Ball 1-0: Foul Ball, location: 2F 1-1: Foul Ball, location: 2F 1-2: Ball 2-2: Foul Ball, location: 2F 2-2: Ball 3-2: 3-RUN HOME RUN (Flyball, 89XD, EV 105.6 MPH), Distance : 416 ft
|
|
Batting: RHB David Fernandez
|
0-0: Ball 1-0: Ball 2-0: Foul Ball, location: 2F 2-1: Called Strike 2-2: Ball 3-2: Fly out, F8 (Flyball, 8RM, EV 74.4 MPH)
|
|
Batting: LHB Tim Olsen
|
0-0: Ball 1-0: Ground out 6-3 (Groundball, 4M, EV 106.3 MPH)
|
|
Batting: RHB Colin Boddy
|
0-0: Ball 1-0: Foul Ball, location: 2F 1-1: Foul Ball, location: 2F 1-2: Ground out 6-3 (Groundball, 6, EV 86.3 MPH)
|
| Top of the 7th over - 3 runs, 3 hits, 0 errors, 0 left on base; Memphis 9 - New Orleans 9 |
| BOTTOM OF THE 7TH |
|
New Orleans Zephyrs batting - Pitching for Memphis Redbirds : RHP Alex Schmitz
|
|
Batting: RHB John Jackson
|
0-0: Ball 1-0: Swinging Strike 1-1: Ball 2-1: Ball 3-1: SINGLE (Flyball, 4D, EV 86.9 MPH)
|
|
Batting: RHB Jerry Delgado
|
0-0: Called Strike 0-1: Fielders Choice at 2nd, 5-4 (Groundball, 56D, EV 108.8 MPH)
|
|
Batting: RHB Omar Contreras
|
0-0: Foul Ball, location: 2F 0-1: Swinging Strike 0-2: Strikes out looking
|
|
Batting: RHB Alex Gomez
|
0-0: Ball 1-0: Foul Ball, location: 2F 1-1: Ball 2-1: Fly out, F7 (Flyball, 78M, EV 95.0 MPH)
|
| Bottom of the 7th over - 0 runs, 1 hit, 0 errors, 1 left on base; Memphis 9 - New Orleans 9 |
| TOP OF THE 8TH |
|
Memphis Redbirds batting - Pitching for New Orleans Zephyrs : LHP Yoriyuki Sugai
|
|
Pitching: LHP Alex Villarreal
|
|
|
Batting: SHB Luke Robbins
|
0-0: Called Strike 0-1: Ground out 6-3 (Groundball, 6, EV 96.9 MPH)
|
|
Batting: RHB Nick Gentzel
|
0-0: Ball 1-0: Called Strike 1-1: Called Strike 1-2: Ground out 5-3 (Groundball, 5S, EV 86.3 MPH)
|
|
Batting: RHB Eric Chotkowski
|
0-0: Ball 1-0: Fly out, F8 (Flyball, 8RXD, EV 93.8 MPH)
|
| Top of the 8th over - 0 runs, 0 hits, 0 errors, 0 left on base; Memphis 9 - New Orleans 9 |
| BOTTOM OF THE 8TH |
|
New Orleans Zephyrs batting - Pitching for Memphis Redbirds : RHP Alex Schmitz
|
|
Pitching: LHP Drew Roemer
|
|
|
Batting: RHB Gebre-Giorgios Tikolo
|
0-0: Ball 1-0: Ball 2-0: Called Strike 2-1: Foul Ball, location: 2F 2-2: SOLO HOME RUN (Flyball, 78XD, EV 108.1 MPH), Distance : 428 ft
|
|
Batting: RHB Jesus Castillo
|
0-0: Fly out, F7 (Line Drive, 7D, EV 88.8 MPH)
|
|
Batting: RHB Humberto Oros
|
0-0: Called Strike 0-1: SINGLE (Line Drive, 9S, EV 103.1 MPH)
|
|
Batting: RHB Kyle Ashton
|
0-0: Called Strike 0-1: Swinging Strike 0-2: Strikes out swinging
|
|
Batting: SHB Ramon Martinez
|
0-0: Ball 1-0: Called Strike 1-1: Swinging Strike 1-2: Ball 2-2: Ground out 4-3 (Groundball, 4MD, EV 85.6 MPH)
|
| Bottom of the 8th over - 1 run, 2 hits, 0 errors, 1 left on base; Memphis 9 - New Orleans 10 |
| TOP OF THE 9TH |
|
Memphis Redbirds batting - Pitching for New Orleans Zephyrs : LHP Alex Villarreal
|
|
Pitching: RHP Jason Davis
|
|
|
Batting: LHB Melvin Salgado
|
0-0: Called Strike 0-1: SINGLE (Groundball, 34D, EV 94.4 MPH)
|
|
Batting: SHB Quido van Erp
|
0-0: Called Strike 0-1: Ball 1-1: DOUBLE (Flyball, 89XD, EV 94.4 MPH) Melvin Salgado to third Runner from 3rd tries for Home, SAFE, throw by RF to home
|
|
Batting: LHB Jesus Ramirez
|
0-0: Swinging Strike 0-1: Called Strike 0-2: Ball 1-2: Ball 2-2: Foul Ball, location: 2F 2-2: Strikes out swinging
|
|
Batting: LHB Mark Buchholz
|
0-0: Ground out 1-3 (Groundball, 15S, EV 63.1 MPH)
|
|
Batting: LHB Tim Olsen
|
0-0: Intentional Walk
|
|
Batting: RHB Colin Boddy
|
0-0: Ball 1-0: Fielders Choice at 2nd, 5-4 (Groundball, 56, EV 86.3 MPH)
|
| Top of the 9th over - 1 run, 2 hits, 0 errors, 2 left on base; Memphis 10 - New Orleans 10 |
| BOTTOM OF THE 9TH |
|
New Orleans Zephyrs batting - Pitching for Memphis Redbirds : LHP Drew Roemer
|
|
Pitching: RHP Dantae Elizondo
|
|
|
Pinch Hitting: LHB Adrian Young
|
0-0: Ball 1-0: Fly out, F7 (Flyball, 7S, EV 83.8 MPH)
|
|
Batting: RHB Jerry Delgado
|
0-0: Called Strike 0-1: Ball 1-1: Foul Ball, location: 2F 1-2: Ground out 4-3 (Groundball, 4, EV 80.6 MPH)
|
|
Batting: RHB Omar Contreras
|
0-0: Ball 1-0: Ball 2-0: Swinging Strike 2-1: Foul Ball, location: 2F 2-2: Strikes out swinging
|
| Bottom of the 9th over - 0 runs, 0 hits, 0 errors, 0 left on base; Memphis 10 - New Orleans 10 |
| TOP OF THE 10TH |
|
Memphis Redbirds batting - Pitching for New Orleans Zephyrs : RHP Jason Davis
|
|
Pitching: RHP David Laska
|
|
|
Now at C: Katsutaka Inouye
|
|
|
Batting: SHB Luke Robbins
|
0-0: Ball 1-0: Fly out, F8 (Line Drive, 8RD, EV 89.4 MPH)
|
|
Batting: RHB Nick Gentzel
|
0-0: Called Strike 0-1: Ball 1-1: Called Strike 1-2: Ball 2-2: Ball 3-2: Base on Balls
|
|
Batting: RHB Eric Chotkowski
|
0-0: Ball 1-0: Called Strike Nick Gentzel steals 2nd base 1-1: Foul Ball, location: 2F 1-2: Ball 2-2: Foul Ball, location: 2F 2-2: Ball 3-2: Strikes out swinging
|
|
Batting: LHB Melvin Salgado
|
0-0: Called Strike 0-1: Ball 1-1: Ball 2-1: Ball 3-1: Base on Balls
|
|
Batting: SHB Quido van Erp
|
0-0: Called Strike 0-1: Called Strike 0-2: Strikes out looking
|
| Top of the 10th over - 0 runs, 0 hits, 0 errors, 2 left on base; Memphis 10 - New Orleans 10 |
| BOTTOM OF THE 10TH |
|
New Orleans Zephyrs batting - Pitching for Memphis Redbirds : RHP Dantae Elizondo
|
|
Batting: RHB Alex Gomez
|
0-0: Ball 1-0: Called Strike 1-1: Ball 2-1: Fly out, F5 (Line Drive, 5, EV 63.1 MPH)
|
|
Batting: RHB Gebre-Giorgios Tikolo
|
0-0: Ball 1-0: Called Strike 1-1: Called Strike 1-2: Foul Ball, location: 2F 1-2: Strikes out swinging
|
|
Batting: RHB Jesus Castillo
|
0-0: Ball 1-0: Swinging Strike 1-1: Foul Ball, location: 2F 1-2: Strikes out swinging
|
| Bottom of the 10th over - 0 runs, 0 hits, 0 errors, 0 left on base; Memphis 10 - New Orleans 10 |
| TOP OF THE 11TH |
|
Memphis Redbirds batting - Pitching for New Orleans Zephyrs : RHP David Laska
|
|
Batting: LHB Jesus Ramirez
|
0-0: Ground out 6-3 (Groundball, 6, EV 88.8 MPH)
|
|
Batting: LHB Mark Buchholz
|
0-0: Called Strike 0-1: Swinging Strike 0-2: Ball 1-2: Ball 2-2: Strikes out swinging
|
|
Pitching: RHP Campbell Wagenmakers
|
|
|
Batting: LHB Tim Olsen
|
0-0: Foul Ball, location: 2F 0-1: Ball 1-1: Ground out 5-3 (Groundball, 56, EV 86.3 MPH)
|
| Top of the 11th over - 0 runs, 0 hits, 0 errors, 0 left on base; Memphis 10 - New Orleans 10 |
| BOTTOM OF THE 11TH |
|
New Orleans Zephyrs batting - Pitching for Memphis Redbirds : RHP Dantae Elizondo
|
|
Pinch Hitting: LHB Gustavo Patella
|
0-0: Ball 1-0: Foul Ball, location: 2F 1-1: Ball 2-1: Fly out, F6 (Popup, 6S, EV 71.9 MPH)
|
|
Batting: RHB Kyle Ashton
|
0-0: Ball 1-0: Ball 2-0: Fly out, F7 (Line Drive, 7, EV 103.8 MPH)
|
|
Batting: SHB Ramon Martinez
|
0-0: Ball 1-0: Ball 2-0: Ball 3-0: Base on Balls
|
|
Batting: RHB Katsutaka Inouye
|
0-0: Ball 1-0: Foul Ball, location: 2F 1-1: Ball 2-1: Foul Ball, location: 2F 2-2: Ball 3-2: Foul Ball, location: 2F 3-2: SINGLE (Flyball, 56D, EV 87.5 MPH) Ramon Martinez to second Ramon Martinez to third
|
|
Batting: RHB Jerry Delgado
|
0-0: Ball 1-0: Fielders Choice at 2nd, 5-4 (Groundball, 56, EV 106.9 MPH)
|
| Bottom of the 11th over - 0 runs, 1 hit, 0 errors, 2 left on base; Memphis 10 - New Orleans 10 |
| TOP OF THE 12TH |
|
Memphis Redbirds batting - Pitching for New Orleans Zephyrs : RHP Campbell Wagenmakers
|
|
Now at SS: Bill de Jesus
|
|
|
Batting: RHB Colin Boddy
|
0-0: Ball 1-0: Fly out, F7 (Flyball, 7LD, EV 78.8 MPH)
|
|
Batting: SHB Luke Robbins
|
0-0: Ball 1-0: Called Strike 1-1: Ball 2-1: Called Strike 2-2: Ground out U3 (Groundball, 3, EV 104.4 MPH)
|
|
Batting: RHB Nick Gentzel
|
0-0: DOUBLE (Flyball, 89D, EV 100.6 MPH)
|
|
Batting: RHB Eric Chotkowski
|
0-0: Swinging Strike 0-1: Ball 1-1: Ball 2-1: Swinging Strike 2-2: Ball 3-2: Foul Ball, location: 2F 3-2: Base on Balls
|
|
Batting: LHB Melvin Salgado
|
0-0: Called Strike 0-1: Swinging Strike 0-2: Ball 1-2: Foul Ball, location: 2F 1-2: Fly out, F8 (Flyball, 8LD, EV 93.8 MPH)
|
| Top of the 12th over - 0 runs, 1 hit, 0 errors, 2 left on base; Memphis 10 - New Orleans 10 |
| BOTTOM OF THE 12TH |
|
New Orleans Zephyrs batting - Pitching for Memphis Redbirds : RHP Dantae Elizondo
|
|
Pitching: RHP Ray Sasser
|
|
|
Batting: RHB Omar Contreras
|
0-0: Called Strike 0-1: SINGLE (Line Drive, 8RS, EV 94.4 MPH)
|
|
Batting: RHB Alex Gomez
|
0-0: 2-RUN HOME RUN (Flyball, 78XD, EV 108.8 MPH), Distance : 420 ft
|
| Bottom of the 12th over - 2 runs, 2 hits, 0 errors, 0 left on base; Memphis 10 - New Orleans 12 |
| |
|
Game Over ... New Orleans defeats Memphis, 12 to 10
|
|
|